 Dungeon Crawl Stone Soup version 0.29-a0-275-g389c0b56f3 (webtiles) character file.

Game seed: 5540914557615350520

681 epen the Poker (level 7, -2/48 (60) HPs)
             Began as a Gnoll Cinder Acolyte on Mar 9, 2022.
             Was an Initiate of Ignis.
             Slain by a hornet (9 damage)
             ... on level 5 of the Dungeon.
             The game lasted 00:06:56 (4086 turns).

epen the Poker (Gnoll Cinder Acolyte)               Turns: 4086, Time: 00:06:56

HP:   -2/48 (60)    AC:  7    Str: 21    XL:     7   Next: 61%
MP:   6/12          EV: 11    Int: 14    God:    Ignis [......]
Gold: 233           SH:  0    Dex:  7    Spells: 7/13 levels left

rFire   + + .      SeeInvis .   t - +7 club (freeze)
rCold   . . .      Faith    .   (no shield)
rNeg    . . .      Spirit   .   u - +0 ring mail
rPois   .          Reflect  .   s - +2 hat
rElec   .          Harm     .   (no cloak)
rCorr   .          Rampage  .   (no gloves)
Will    .....                   (no boots)
Stlth   +.........              (no amulet)
HPRegen 0.16/turn               d - +6 ring of strength
MPRegen 0.13/turn               i - ring of protection from fire

@: lethally poisoned (-2 -> -9), slowed, heavily drained, very slow
A: fangs 1, strong nose, distributed training
a: Renounce Religion, Rising Flame


You were on level 5 of the Dungeon.
You worshipped Ignis.
Ignis was noncommittal.
You visited 1 branch of the dungeon, and saw 5 of its levels.

You collected 233 gold pieces.

Inventory:

Hand Weapons
 a - a -1 spear of flaming
 t - a +7 club of freezing (weapon)
Missiles
 o - a throwing net (quivered)
Armour
 b - a +0 robe
 s - a +2 hat (worn)
 u - a +0 ring mail (worn)
Jewellery
 d - a +6 ring of strength (left hand)
 i - a ring of protection from fire (right hand)
Scrolls
 e - a scroll of brand weapon
 g - 2 scrolls of noise
 h - a scroll of blinking
 j - a scroll of identify
 n - 6 scrolls of teleportation
 p - a scroll of immolation
Potions
 c - a potion of lignification {unknown}
 f - 2 potions of degeneration
 k - 3 potions of might
 l - a potion of flight
 m - a potion of heal wounds
 q - 3 potions of curing
 r - 2 potions of resistance {unknown}


   Skills:
 + Level 7.1 Fighting
 + Level 2.6 Short Blades
 + Level 2.6 Long Blades
 + Level 2.6 Axes
 + Level 2.6 Maces & Flails
 + Level 7.1 Polearms
 + Level 2.6 Staves
 + Level 2.6 Slings
 + Level 2.6 Bows
 + Level 2.6 Crossbows
 + Level 2.6 Throwing
 + Level 2.6 Armour
 + Level 2.6 Dodging
 + Level 2.6 Stealth
 + Level 2.6 Shields
 + Level 2.6 Unarmed Combat
 + Level 3.9 Spellcasting
 + Level 2.1 Conjurations
 + Level 2.1 Hexes
 + Level 2.1 Summonings
 + Level 2.1 Necromancy
 + Level 2.1 Translocations
 + Level 2.1 Transmutations
 + Level 5.9 Fire Magic
 + Level 2.1 Ice Magic
 + Level 2.1 Air Magic
 + Level 2.1 Earth Magic
 + Level 2.1 Poison Magic
 + Level 2.9 Invocations
 + Level 2.6 Evocations


You had 7 spell levels left.
You knew the following spells:

 Your Spells              Type           Power      Damage    Failure   Level
a - Scorch                Fire           38%        2d7       4%          2
b - Sticky Flame          Conj/Fire      13%        2d4       52%         4

Your spell library contained the following spells:

 Spells                   Type           Power      Damage    Failure   Level
 Beastly Appendage        Tmut           16%        N/A       13%         1
 Static Discharge         Conj/Air       8%         N/A       21%         2
 Wereblood                Tmut           8%         N/A       21%         2
 Spider Form              Tmut/Pois      8%         N/A       36%         3
 Dispel Undead            Necr           8%         3d8       78%         4
 Chain Lightning          Conj/Air       4%         3d5       100%        9
 Fire Storm               Conj/Fire      6%         8d2       100%        9
 Shatter                  Erth           4%         3d7*      100%        9


Dungeon Overview and Level Annotations

Branches:
Dungeon (5/15)
 Temple: D:4-7

Altars:
Zin

Shops:
D:1 (


Innate Abilities, Weirdness & Mutations

You have very sharp teeth.
Your uncanny sense of smell can sniff out nearby items.
Your experience applies equally to all skills.


Message History

There is a stone staircase leading down here.
o - a throwing net You now have 233 gold pieces (gained 16).
A hornet comes into view.
The hornet moves out of view.
Okay, then.
A hornet is nearby!
The hornet buzzes angrily.
A hound comes into view.
The hound barks!
You thump the hound! You freeze the hound.
The hound is heavily wounded.
The hound bites you but does no damage.
You sock the hound! You freeze the hound.
You kill the hound!
Casting: Scorch (safe; 4% risk of failure)
Confirm with . or Enter, or press ? or * to list all spells.
Flames lash the hornet.
The hornet is moderately wounded.
The hornet's fire resistance burns away.
The hornet closely misses you. The hornet stings you!
You feel yourself slow down.
Casting: Scorch (safe; 4% risk of failure)
Confirm with . or Enter, or press ? or * to list all spells.
Flames lash the hornet but do no damage.
The hornet stings you.
You feel as though you will be slow longer.
The hornet stings you!
You are poisoned.
You feel as though you will be slow longer.
Casting: Scorch (safe; 4% risk of failure)
Confirm with . or Enter, or press ? or * to list all spells.
Flames lash the hornet.
The hornet is burned terribly!
The hornet is moderately wounded.
You feel very sick. The hornet stings you!
* * * LOW HITPOINT WARNING * * *
You feel as though you will be slow longer.
The hornet stings you!
You die...

###.##...##..# ##.####
....####....## #..#
##### ###...#
######.##
##..#.#######......#
###..##.........#....#
#...#########........#
#†### ###.###....# #.#
#...# ##.### ..# #@###
#.# ∆ .### ##y# #.# ..
#..# #.. .# #.## ##.
.# ##.# .# .. #..#
#...## #.## ∆ ..y


You could see a hornet (combustible).

Vanquished Creatures
  A wyvern (D:4)
  A phantom (D:4)
  A gnoll sergeant (D:4)
  2 hounds
  Jessica (D:3)
  5 orc wizards
  5 gnolls (D:4)
  5 adders
  A worm (D:2)
  3 dart slugs
  11 orcs
  5 endoplasms
  3 giant cockroaches
  5 goblins
  6 hobgoblins
  5 jackals
  3 quokkas
  6 ball pythons
  13 bats
  2 frilled lizards
  7 kobolds
  6 rats (D:1)
97 creatures vanquished.

Vanquished Creatures (others)
  80 foxfires
80 creatures vanquished.

Grand Total: 177 creatures vanquished

Notes
Turn   | Place    | Note
-------+----------+-------------------------------------------
     0 | D:1      | epen the Gnoll Cinder Acolyte began the quest for the Orb.
     0 | D:1      | Reached XP level 1. HP: 23/23 MP: 4/4
    69 | D:1      | Reached XP level 2. HP: 29/29 MP: 5/5
   319 | D:1      | Reached XP level 3. HP: 35/35 MP: 7/7
   334 | D:1      | Found Hixerede's Weapon Emporium.
   775 | D:2      | Reached skill level 1 in Invocations
   814 | D:2      | Reached skill level 1 in Short Blades
   814 | D:2      | Reached skill level 1 in Long Blades
   814 | D:2      | Reached skill level 1 in Axes
   814 | D:2      | Reached skill level 1 in Maces & Flails
   814 | D:2      | Reached skill level 1 in Staves
   814 | D:2      | Reached skill level 1 in Slings
   814 | D:2      | Reached skill level 1 in Bows
   814 | D:2      | Reached skill level 1 in Crossbows
   814 | D:2      | Reached skill level 1 in Throwing
   814 | D:2      | Reached skill level 1 in Armour
   814 | D:2      | Reached skill level 1 in Dodging
   814 | D:2      | Reached skill level 1 in Stealth
   814 | D:2      | Reached skill level 1 in Shields
   814 | D:2      | Reached skill level 1 in Unarmed Combat
   814 | D:2      | Reached skill level 1 in Evocations
   840 | D:2      | HP: 1/35 [poisoned by an adder]
   852 | D:2      | Reached XP level 4. HP: 6/41 MP: 8/8
  1230 | D:2      | Found a faded altar of an unknown god.
  1254 | D:2      | You fall into a shaft and drop 2 floors!
  1284 | D:4      | Noticed a phantom
  1289 | D:4      | Reached skill level 1 in Conjurations
  1289 | D:4      | Reached skill level 1 in Hexes
  1289 | D:4      | Reached skill level 1 in Summonings
  1289 | D:4      | Reached skill level 1 in Necromancy
  1289 | D:4      | Reached skill level 1 in Translocations
  1289 | D:4      | Reached skill level 1 in Transmutations
  1289 | D:4      | Reached skill level 1 in Ice Magic
  1289 | D:4      | Reached skill level 1 in Air Magic
  1289 | D:4      | Reached skill level 1 in Earth Magic
  1289 | D:4      | Reached skill level 1 in Poison Magic
  1289 | D:4      | Killed a phantom
  1290 | D:4      | Reached XP level 5. HP: 35/47 MP: 9/9
  1390 | D:4      | Noticed a wyvern
  1399 | D:4      | Killed a wyvern
  1400 | D:4      | Reached XP level 6. HP: 13/53 MP: 9/11
  1862 | D:2      | Learned a level 2 spell: Scorch
  2249 | D:2      | Learned a level 4 spell: Sticky Flame
  2672 | D:3      | Noticed Jessica
  2678 | D:3      | Killed Jessica
  2679 | D:3      | Reached XP level 7. HP: 59/59 MP: 7/12
  3323 | D:4      | Found a glowing silver altar of Zin.
  3789 | D:5      | Entered Level 5 of the Dungeon
  4071 | D:5      | Noticed a hornet
  4086 | D:5      | Slain by a hornet

Illustrated notes

Levels and vault maps discovered:
D:1:      wander_arrival_desolate, layout_basic, serial_shops, shop
D:2:      layout_loops_ring, shapermc_ecumenical_altar_totnotflames,
          grunt_ministairs_13
D:3:      layout_basic, patterned_corridor, uniq_jessica
D:4:      layout_basic, zin_treasury
D:5:      layout_rooms, minivault_23

Skill      XL: |  1  2  3  4  5  6  7 |
---------------+----------------------+-----
Invocations    | 1 2 |  2.9
Short Blades   | 1 2 |  2.6
Long Blades    | 1 2 |  2.6
Axes           | 1 2 |  2.6
Maces & Flails | 1 2 |  2.6
Staves         | 1 2 |  2.6
Slings         | 1 2 |  2.6
Bows           | 1 2 |  2.6
Crossbows      | 1 2 |  2.6
Throwing       | 1 2 |  2.6
Armour         | 1 2 |  2.6
Dodging        | 1 2 |  2.6
Stealth        | 1 2 |  2.6
Shields        | 1 2 |  2.6
Unarmed Combat | 1 2 |  2.6
Evocations     | 1 2 |  2.6
Spellcasting   | 3 |  3.9
Conjurations   | 1 2 |  2.1
Hexes          | 1 2 |  2.1
Summonings     | 1 2 |  2.1
Necromancy     | 1 2 |  2.1
Translocations | 1 2 |  2.1
Transmutations | 1 2 |  2.1
Ice Magic      | 1 2 |  2.1
Air Magic      | 1 2 |  2.1
Earth Magic    | 1 2 |  2.1
Poison Magic   | 1 2 |  2.1
Fighting       | 7 |  7.1
Polearms       | 7 |  7.1
Fire Magic     | |  5.9

Action                   |  1- 3 |  4- 6 |  7- 9 || total
-------------------------+-------+-------+-------++-------
Melee: Spear             |   112 |    85 |       ||   197
       Bite              |     7 |     4 |     1 ||    12
       Punch             |     2 |     3 |       ||     5
       Club              |       |       |    46 ||    46
 Cast: Scorch            |       |    10 |    21 ||    31
Invok: Foxfire Swarm     |     3 |     3 |     2 ||     8
  Use: Potion            |     1 |       |       ||     1
       Scroll            |       |       |    11 ||    11
 Stab: Sleeping          |     2 |     4 |     1 ||     7
Armor: Robe              |    15 |    11 |     1 ||    27
       Ring mail         |       |       |    29 ||    29
Dodge: Dodged            |    41 |    30 |    28 ||    99

Table legend: (Time is in decaauts)
 A = Elapsed time spent in this place.
 B = Non-inter-level travel time spent in this place.
 C = Inter-level travel time spent in this place.
 D = Time resting spent in this place.
 E = Time spent auto-exploring this place.
 F = Levels seen in this place.
 G = Mean time per level.
                   A        B        C        D        E       F      G
               +--------+--------+--------+--------+--------+-----+--------+
         Total |   4048 |   3937 |    111 |   1056 |   2253 |   5 |  809.6 |
       Dungeon |   4048 |   3937 |    111 |   1056 |   2253 |   5 |  809.6 |
               +--------+--------+--------+--------+--------+-----+--------+

Top non-repeatable levels by time:
     D:2: 1366 daAuts
     D:4: 908 daAuts
     D:1: 749 daAuts
     D:3: 723 daAuts
     D:5: 301 daAuts
